Map: Tokamak LE

Players

Schnake - Winner!

  • Race: Zerg Zerg
  • League: Platinum
  • Spawn Location: 1:00

Tomato

  • Race: Zerg Zerg
  • League: Master
  • Spawn Location: 7:00

VOD

Have the link to the VOD?

Description

Time

  • Played on: Sept. 10, 2025, 7:54 a.m.
  • Length: 15:35
Show
View Real Time Build Order
Export as new Build Order

Schnake Zerg - Winner!

Build Orders: Hatch First 

Get SALT Encoding   

  12  0:00  Drone  
  13  0:08  Drone  
  14  0:15  Extractor  
  14  0:16  Drone  
  15  0:35  Hatchery  
  14  0:43  Overlord  
  14  0:59  Spawning Pool  
  14  1:01  Drone  
  14  1:05  Drone  
  14  1:09  Drone  
  16  1:15  Drone  
  17  1:23  Drone  
  18  1:29  Extractor  
  17  1:37  Drone  
  17  1:38  Evolution Chamber  
  17  1:45  Drone  
  18  1:55  Drone  
  19  2:02  Queen  
  19  2:03  Queen  
  19  2:04  Overlord  
  23  2:14  Overlord  
  23  2:25  Zergling x2  
  23  2:26  Zergling x4  
  26  2:35  Drone x2  
  28  2:37  Metabolic Boost  
  28  2:52  Drone  
  28  2:53  Drone x2  
  28  2:55  Overlord  
  31  3:15  Zerg Melee Weapons Level 1  
  31  3:21  Zergling x2  
  31  3:22  Zergling x12  
  38  3:32  Drone x2, Baneling Nest  
  38  3:33  Drone  
  40  3:38  Overlord  
  40  3:49  Spine Crawler  
  40  3:54  Evolution Chamber  
  38  3:55  Evolution Chamber  
  38  3:56  Evolution Chamber  
  27  4:38  Lair  
  27  4:44  Zergling x2  
  27  4:45  Zergling x16  
  36  4:53  Hatchery  
  35  5:06  Evolution Chamber  
  35  5:16  Zerg Ground Armor Level 1  
  35  5:18  Baneling  
  35  5:19  Baneling  
  35  5:20  Drone x2  
  35  5:21  Drone  
  38  5:22  Drone  
  38  5:26  Hatchery  
  38  5:47  Evolution Chamber, Queen  
  39  6:02  Baneling x3, Extractor  
  36  6:22  Zergling x2  
  36  6:23  Zergling x4  
  39  6:33  Evolution Chamber  
  39  6:34  Drone x3  
  29  7:16  Zergling x10  
  29  7:17  Zergling x8  
  29  7:18  Nydus Network  
  37  7:34  Drone x2  
  39  7:38  Drone x3, Queen  
  44  7:49  Spine Crawler  
  43  7:56  Queen  
  45  8:16  Evolution Chamber  
  42  8:32  Nydus Canal  
  42  8:41  Spire  
  42  8:42  Drone x3  
  42  8:43  Extractor  
  42  8:44  Extractor  
  42  8:46  Drone x6  
  42  8:47  Drone  
  37  9:11  Drone x2, Extractor  
  37  9:12  Drone x2, Extractor  
  39  9:28  Zergling x10  
  44  9:32  Spine Crawler  
  44  9:38  Drone x3  
  45  9:39  Drone x2  
  45  9:40  Drone  
  49  9:47  Drone  
  49  9:48  Drone  
  51  9:58  Overlord  
  51  10:00  Mutalisk x5  
  51  10:01  Mutalisk  
  51  10:03  Zerg Flyer Weapons Level 1  
  61  10:35  Mutalisk  
  61  10:36  Mutalisk x4  
  68  10:44  Drone x2  
  68  10:45  Drone x2  
  68  10:46  Drone  
  68  10:49  Overlord x2  
  73  11:37  Mutalisk x8  
  87  11:51  Drone  
  87  11:52  Drone x3  
  89  11:57  Overlord x3  
  85  12:08  Spawning Pool  
  77  12:26  Drone x7  
  77  12:27  Drone  
  83  12:37  Zerg Melee Weapons Level 2  
  83  12:38  Zerg Ground Armor Level 2  
  83  12:53  Drone x3  
  86  13:09  Zergling x12  
  92  13:51  Zergling x2  
  92  13:52  Zergling x10  
  98  13:57  Drone x3  
  98  14:00  Queen x2  
  99  14:14  Baneling  
  99  14:15  Baneling x19  
  99  14:26  Spire  
  99  14:27  Overlord x2  
  99  14:28  Overlord  
  92  14:48  Zergling x2  
  92  14:49  Zergling x8  
  93  15:13  Zergling x2  
  96  15:14  Zergling x8  
Show
View Real Time Build Order
Export as new Build Order

Tomato Zerg 

Build Orders: Hatch First, Zergling Baneling 

Get SALT Encoding   

  12  0:01  Drone  
  13  0:08  Drone  
  14  0:17  Overlord  
  14  0:35  Drone x3  
  17  0:52  Hatchery  
  17  0:53  Extractor  
  17  0:54  Drone  
  16  1:10  Spawning Pool  
  15  1:13  Drone  
  15  1:17  Drone  
  17  1:22  Drone  
  18  1:36  Drone  
  19  1:47  Overlord  
  19  1:56  Queen  
  19  2:01  Metabolic Boost  
  21  2:04  Queen  
  21  2:08  Zergling x2  
  24  2:11  Zergling x2  
  24  2:14  Drone  
  26  2:16  Drone  
  26  2:22  Zergling x2  
  28  2:31  Baneling Nest  
  28  2:36  Zergling x4  
  29  2:38  Drone  
  29  2:39  Zergling x2  
  31  2:49  Queen  
  33  2:53  Drone  
  33  2:56  Zergling x2  
  35  2:59  Zergling x2  
  35  3:05  Overlord  
  36  3:14  Overlord  
  36  3:21  Overlord  
  36  3:23  Zergling x2  
  36  3:24  Zergling x4  
  39  3:36  Zergling x8  
  39  3:37  Zergling x2  
  44  3:42  Baneling x3  
  44  3:50  Baneling x7  
  44  3:53  Zergling x2  
  32  4:27  Zergling x10  
  32  4:28  Zergling x2  
  32  4:30  Zergling x2  
  32  4:31  Zergling x12  
  41  4:55  Zergling x4  
  43  5:01  Baneling  
  43  5:03  Baneling x7  
  43  5:11  Zergling x10  
  43  5:13  Drone x3  
  43  5:14  Drone  
  45  5:43  Baneling x2  
  45  5:44  Baneling x2  
  45  5:46  Baneling  
  45  5:49  Drone x3  
  49  5:50  Drone  
  49  5:55  Extractor  
  48  5:57  Drone  
  48  5:58  Drone x4, Roach Warren  
  48  5:59  Hatchery  
  45  6:27  Evolution Chamber  
  45  6:30  Evolution Chamber  
  45  6:32  Spine Crawler  
  42  6:33  Drone x3  
  42  6:34  Drone  
  42  6:36  Extractor  
  42  6:37  Extractor  
  45  6:41  Baneling x4  
  45  6:42  Baneling x2  
  45  6:43  Zergling x2  
  45  6:49  Zergling x2  
  44  6:57  Zergling x14  
  41  7:12  Zergling x6  
  41  7:13  Zergling x6  
  41  7:15  Queen  
  48  7:19  Baneling  
  48  7:24  Roach  
  48  7:25  Roach  
  53  7:30  Drone x4  
  53  7:37  Drone x2  
  57  7:39  Baneling x3  
  51  8:12  Roach x4  
  57  8:13  Roach  
  57  8:15  Lair  
  59  8:20  Zerg Missile Weapons Level 1  
  59  8:28  Baneling x3  
  59  8:31  Overlord  
  59  8:34  Drone  
  59  8:35  Overlord x2  
  60  8:42  Zerg Ground Armor Level 1  
  60  8:45  Overlord  
  59  9:00  Roach x3  
  61  9:10  Roach x3  
  61  9:16  Glial Reconstitution  
  67  9:19  Roach x5  
  77  9:27  Drone  
  77  9:28  Roach  
  77  9:29  Roach x2  
  84  9:37  Roach  
  88  9:38  Roach  
  88  9:43  Ravager x2  
  90  9:48  Drone, Overlord  
  90  9:50  Overlord x2  
  91  9:58  Overlord  
  91  9:59  Overlord  
  91  10:01  Overlord  
  91  10:10  Roach  
  91  10:11  Roach x5  
  103  10:19  Roach  
  105  10:23  Zergling x6  
  105  10:28  Zergling x2  
  105  10:45  Zergling x6  
  105  10:46  Zergling x6  
  111  10:59  Queen  
  113  11:06  Roach x3  
  113  11:07  Roach  
  121  11:20  Spore Crawler  
  121  11:22  Hydralisk Den  
  121  11:25  Spore Crawler  
  111  11:26  Spore Crawler  
  111  11:28  Spore Crawler  
  54  12:19  Hydralisk x3  
  54  12:21  Hydralisk x6  
  62  12:26  Spore Crawler  
  55  12:42  Spore Crawler  
  54  12:45  Spore Crawler  
  54  12:50  Hydralisk  
  54  12:51  Hydralisk  
  57  13:01  Overlord  
  57  13:02  Overlord  
  57  13:12  Overlord  
  57  13:17  Overlord  
  57  13:29  Hydralisk  
  59  13:47  Extractor  
  56  13:49  Hydralisk x3  
  62  13:57  Zergling x4  
  62  13:59  Drone  
  63  14:15  Hydralisk x2  
  67  14:25  Drone x2  
  67  14:27  Drone  
  42  15:05  Hydralisk  
  42  15:06  Hydralisk x5  
Tags
 
Add a new tag
Caveats
  • Supply blocks, unpowered buildings, or Contaminate may cause inaccurate times.
  • Supply counts are checked every 10 seconds.